 Dungeon Crawl Stone Soup version 0.21-a0-633-g4c047d5 (webtiles) character file.

23 shenanigans the Grasshopper (level 3, -1/28 HPs)
             Began as a Barachi Warper on Dec 28, 2017.
             Slain by a giant cockroach (2 damage)
             ... on level 1 of the Dungeon.
             The game lasted 00:01:21 (719 turns).

shenanigans the Grasshopper (Barachi Warper)         Turns: 719, Time: 00:01:21

Health: -1/28      AC:  3    Str: 12    XL:     3   Next: 0%
Magic:  6/6        EV: 12    Int: 19    God:
Gold:   33         SH:  0    Dex: 11    Spells: 6/6 levels left

rFire    . . .     SeeInvis .   h - +2 dagger (freeze)
rCold    . . .     Gourm    .   (no shield)
rNeg     . . .     Faith    .   b - +0 leather armour
rPois    .         Spirit   .   (no helmet)
rElec    .         Reflect  .   (no cloak)
rCorr    .         Harm     .   (no gloves)
MR       .....                  (no boots)
Stlth    +.........             (no amulet)
HPRegen  0.09/turn              (no ring)
MPRegen  0.10/turn              (no ring)

@: brilliant, can't hop, slow
A: +LOS, swims, slowness 1, strong legs 1
a: Hop


You were on level 1 of the Dungeon.
You were not hungry.

You visited 1 branch of the dungeon, and saw 1 of its levels.

You collected 33 gold pieces.

Inventory:

Hand Weapons
 a - a +0 hand axe
 h - a +2 dagger of freezing (weapon)
Missiles
 e - 5 tomahawks of dispersal (quivered)
Armour
 b - a +0 leather armour (worn)
Scrolls
 d - a scroll of blinking
Books
 c - a book of Spatial Translocations

   Spells                             Type                      Level
   a - Blink                          Translocation                2
   b - Shroud of Golubria             Charms/Translocation         2
   c - Lesser Beckoning               Translocation                3
   d - Gell's Gravitas                Translocation                3
   e - Teleport Other                 Translocation                3
   f - Passage of Golubria            Translocation                4
Comestibles
 f - a ration


   Skills:
 + Level 2.9 Fighting
 + Level 2.6 Axes
 - Level 1.0 Throwing
 + Level 2.0 Armour
 + Level 2.6 Dodging
 - Level 2.1 Spellcasting
   Level 3.2 Translocations


You had 6 spell levels left.
You didn't know any spells.

Dungeon Overview and Level Annotations

Branches:
Dungeon (1/15)

Altars:


Innate Abilities, Weirdness & Mutations

Shadows flee at your approach. (+LOS)
You can swim through water.
You cover ground slowly.
You can hop short distances.


Message History

It was a potion of brilliance.
You feel clever all of a sudden.
The kobold throws a stone.
The stone barely misses you. The kobold closely misses you.
You hit the kobold. You freeze the kobold.
The kobold is severely wounded.
The kobold misses you.
You miss the kobold.
The kobold is severely wounded.
The kobold barely misses you. The giant cockroach bites you.
* * * LOW HITPOINT WARNING * * *
You hit the kobold. You freeze the kobold.
You kill the kobold!
You have reached level 3!
Your experience leads to an increase in your attributes!
Your base attributes are Str 12, Int 13, Dex 11.
Increase (S)trength, (I)ntelligence, or (D)exterity?
You feel clever. The giant cockroach bites you.
You die...

##.## #.# #..# #..
##.# #.# ..#
#####(. #.#
#...(.. #.##
#...... #.g#
#.....( ##s##
#####.. #.@# #..
##(# #.. #.# ###
#.# #.##### #####
####
#.#...###...###...
#.#.......<.......
#.#...###...###...
#.##.## ##### ####


You could see a giant cockroach and a hobgoblin.

Vanquished Creatures
  An ooze (D:1)
  A bat (D:1)
  3 giant cockroaches (D:1)
  2 goblins (D:1)
  A hobgoblin (D:1)
  5 kobolds (D:1)
  2 frilled lizards (D:1)
  3 rats (D:1)
18 creatures vanquished.

Notes
Turn   | Place    | Note
-------+----------+-------------------------------------------
     0 | D:1      | shenanigans the Barachi Warper began the quest for the Orb.
     0 | D:1      | Reached XP level 1. HP: 17/17 MP: 3/3
   441 | D:1      | Reached XP level 2. HP: 23/23 MP: 5/5
   718 | D:1      | HP: 1/23 [giant cockroach (1)]
   719 | D:1      | Reached XP level 3. HP: 1/28 MP: 6/6
   719 | D:1      | Slain by a giant cockroach

Vault maps used:
D:1:      minmay_arrival_nine_rooms, hangedman_decor_diamond_cutter,
          minmay_cupped

Skill      XL: |  1  2 |
---------------+-------+-----
Armour         | 2 |  2.0
Fighting       | |  2.9
Axes           | |  2.6
Throwing       | |  1.0
Dodging        | |  2.6
Spellcasting   | |  2.1
Translocations | |  3.2

Action                   || total
-------------------------++-------
Melee: Hand axe          ||    45
       Dagger            ||    18
 Abil: Hop               ||     1
  Use: Potion            ||     1
Armor: Leather armour    ||    19
Dodge: Dodged            ||    51

Table legend:
 A = Spawn XP
 B = Non-spawn XP
 C = Spawn XP percentage of total XP
 D = Spawn monster count
 E = Non-spawn monster count
 F = Spawn count percentage of total count
 G = Total turns spent on level
                    A         B        C        D         E        F      G
               +---------+---------+-------+---------+---------+-------+---------
         Total |       0 |      34 |   0.0 |       0 |      18 |   0.0 |   719
               +---------+---------+-------+---------+---------+-------+---------
           D:1 |       0 |      34 |   0.0 |       0 |      18 |   0.0 |   719
               +---------+---------+-------+---------+---------+-------+---------
